 Dungeon Crawl Stone Soup version 0.31-a0-263-ge8cad7f256 (webtiles) character file.

Game seed: 18138985866280720152

93 qw the Shooter (level 4, -8/26 HPs)
             Began as a Gargoyle Hexslinger on July 13, 2023.
             Killed from afar by Natasha (9 damage)
             ... with a magic dart
             ... on level 3 of the Dungeon.
             The game lasted 00:00:39 (1850 turns).

qw the Shooter (Gargoyle Hexslinger)                Turns: 1850, Time: 00:00:40

Health: -8/26      AC:  9    Str: 11    XL:     4   Next: 61%
Magic:  5/5        EV: 10    Int: 14    God:
Gold:   103        SH:  0    Dex: 14    Spells: 4/5 levels left

rFire   . . .        Y - +1 sling
rCold   . . .        (no shield)
rNeg    + . .        f - +0 ring mail
rPois   inf          (no helmet)
rElec   +            a - +0 cloak
rCorr   .            (no gloves)
SInv    .            (no boots)
Will    .....        (no amulet)
Stlth   +            (no ring)
HPRegen 0.24/turn    (no ring)
MPRegen 0.09/turn

%: no passive effects
@: no status effects
A: sickness immunity, AC +3, negative energy resistance 1, electricity
resistance, torment resistance 1, petrification resistance
a: no special abilities


You were on level 3 of the Dungeon.
You visited 1 branch of the dungeon, and saw 3 of its levels.

You collected 103 gold pieces.


Innate Abilities, Weirdness & Mutations

You are immune to sickness and miasma.
Your stone body is resilient. (AC +3)
You are immune to poison.
You resist negative energy. (rN+)
You are resistant to electric shocks. (rElec)
You are resistant to unholy torment.
You are immune to petrification.


   Skills:
 - Level 2.0 Fighting
 + Level 4.2 Ranged Weapons
 - Level 1.0 Armour
 - Level 1.5 Dodging
 - Level 1.0 Spellcasting
 - Level 2.6 Hexes


You had 4 spell levels left.
You knew the following spells:

 Your Spells              Type           Power      Damage    Failure   Level
a - Slow                  Hex            32%        N/A       21%         1

Your spell library contained the following spells:

 Spells                   Type           Power      Damage    Failure   Level
 Inner Flame              Hex/Fire       4%         N/A       71%         3
 Portal Projectile        Hex/Tloc       8%         N/A       71%         3
 Cause Fear               Hex            4%         N/A       90%         4

Inventory:

Hand Weapons
 Y - a +1 sling (weapon)
Armour
 a - a +0 cloak (worn)
 f - a +0 ring mail (worn)
Potions
 b - a potion of might {unknown}
 d - a potion of magic {unknown}
 e - a potion of resistance {unknown}
 h - a potion of curing

Dungeon Overview and Level Annotations

Branches:
Dungeon (3/15)

Altars:

Annotations:
D:3 Natasha


Message History

Natasha mumbles some strange words.
The cerulean imp hits you but does no damage.
You shoot a sling bullet.
The sling bullet barely misses the cerulean imp.
Natasha claws you.
The cerulean imp hits you but does no damage.
The cerulean imp hits you with a +2 spear.
Natasha barely misses you. The cerulean imp barely misses you.
You shoot a sling bullet.
The sling bullet closely misses the cerulean imp.
The cerulean imp barely misses you.
Natasha stares at you and mumbles some strange words.
The magic dart hits you. The cerulean imp barely misses you.
You shoot a sling bullet. The sling bullet hits the cerulean imp.
The cerulean imp is moderately wounded.
The cerulean imp misses you. Natasha claws you but does no damage.
The cerulean imp misses you.
You shoot a sling bullet.
The sling bullet hits the cerulean imp but does no damage.
The cerulean imp is moderately wounded.
The cerulean imp hits you but does no damage.
Natasha closely misses you.
The cerulean imp hits you but does no damage. x2
Natasha misses you.
You shoot a sling bullet. The sling bullet hits the cerulean imp.
The cerulean imp is moderately wounded.
The cerulean imp hits you but does no damage.
The cerulean imp hits you with a +2 spear.
Natasha claws you. The cerulean imp closely misses you.
You shoot a sling bullet.
The sling bullet misses the cerulean imp.
The cerulean imp hits you but does no damage.
Natasha claws you but does no damage.
The cerulean imp hits you but does no damage.
You shoot a sling bullet.
The sling bullet closely misses the cerulean imp.
The cerulean imp closely misses you. Natasha casts a spell at you.
The magic dart hits you!
You die...

########################
.....5h@5...............
########################
########## ####.........
#........####
#............


You could see Natasha and 2 cerulean imps.

Vanquished Creatures
  A hound (D:3)
  3 adders
  A dart slug (D:3)
  3 ball pythons
  3 endoplasms (D:2)
  3 giant cockroaches
  3 goblins
  3 hobgoblins (D:1)
  3 kobolds
  4 quokkas
  3 bats
  5 rats
35 creatures vanquished.

Notes
Turn   | Place    | Note
-------+----------+-------------------------------------------
     0 | D:1      | qw the Gargoyle Hexslinger began the quest for the Orb.
     0 | D:1      | Reached XP level 1. HP: 12/12 MP: 2/2
     0 | D:1      | 0 ||| qw: Version: 0.3-a-52-g30416fa
     0 | D:1      | 0 ||| qw: Game counter: 7376
     0 | D:1      | 0 ||| qw: Melee chars always use a shield: true
     0 | D:1      | 0 ||| qw: God list: Okawaru
     0 | D:1      | 0 ||| qw: Allow faded altars: false
     0 | D:1      | 0 ||| qw: Do Orc after clearing Dungeon:15 true
     0 | D:1      | 0 ||| qw: Do second Lair branch before Depths: true
     0 | D:1      | 0 ||| qw: Lair rune preference: random
     0 | D:1      | 0 ||| qw: Goals: Normal
     0 | D:1      | 0 ||| PLANNING D:1-11
   283 | D:1      | Reached XP level 2. HP: 16/16 MP: 3/3
   443 | D:1      | Found a faded altar of an unknown god.
   459 | D:1      | Reached skill level 3 in Ranged Weapons
   749 | D:1      | 749 ||| UPGRADING to +0 leather armour.
   759 | D:1      | 759 ||| DROPPING +0 robe.
   760 | D:1      | 760 ||| READING scroll labelled JUONAR FURREWK.
   761 | D:1      | 761 ||| READING scroll labelled MARUUDWITZ.
   762 | D:1      | 762 ||| DRINKING 2 sapphire potions.
   770 | D:1      | 770 ||| DRINKING 2 fizzy dark potions.
   771 | D:1      | 771 ||| DROPPING scroll of poison.
   772 | D:1      | 772 ||| DROPPING potion of ambrosia.
   998 | D:2      | Identified the +2 chain mail of the Harvest Moon {Int+3
                  | Dex-5}
  1149 | D:2      | Reached XP level 3. HP: 21/21 MP: 4/4
  1440 | D:2      | 1440 ||| UPGRADING to +0 cloak.
  1445 | D:2      | 1445 ||| UPGRADING to +0 ring mail.
  1455 | D:2      | 1455 ||| DROPPING +0 leather armour.
  1456 | D:2      | 1456 ||| READING scroll labelled POIGIO JAJINN.
  1479 | D:3      | 1479 ||| STAIRDANCE
  1486 | D:2      | Reached skill level 1 in Armour
  1623 | D:3      | Reached XP level 4. HP: 14/26 MP: 5/5
  1653 | D:3      | 1653 ||| FLEEEEING.
  1706 | D:3      | Reached skill level 4 in Ranged Weapons
  1831 | D:3      | Noticed Natasha
  1848 | D:3      | HP: 3/26 [cerulean imp/+2 spear[Natasha] (6)]
  1848 | D:3      | HP: 1/26 [Natasha (2)]
  1850 | D:3      | Killed from afar by Natasha

Levels and vault maps discovered:
D:1:      dpeg_arrival_pits, layout_loops_corners,
          hellmonk_ecumenical_altar_lost_god, due_unseen_surprise
D:2:      layout_loops_cross
D:3:      layout_basic, pdpol_wu_jian_five_deadly_venoms, st_stairs_2,
          uniq_natasha

Skill      XL: |  1  2  3  4 |
---------------+-------------+-----
Ranged Weapons | 3 4 |  4.2
Fighting       | 2 |  2.0
Armour         | 1 |  1.0
Dodging        | |  1.5
Spellcasting   | |  1.0
Hexes          | |  2.6

Action                     |  1- 3 |  4- 6 || total
---------------------------+-------+-------++-------
   Fire: Sling             |   107 |    36 ||   143
    Use: Scroll            |     3 |       ||     3
         Potion            |     2 |       ||     2
 Armour: Robe              |     2 |       ||     2
         Leather armour    |    10 |       ||    10
         Ring mail         |    33 |    21 ||    54
  Dodge: Dodged            |    59 |    25 ||    84

Table legend:
 A = Non-vault XP
 B = Vault XP
 C = Vault XP percentage of total XP
 D = Non-vault monster count
 E = Vault monster count
 F = Vault count percentage of total count
                 A         B        C        D         E       F
            +---------+---------+-------+---------+---------+-------
      Total |     128 |       5 |   3.8 |      32 |       3 |   8.6
            +---------+---------+-------+---------+---------+-------
        D:1 |      22 |       0 |   0.0 |      13 |       0 |   0.0
        D:2 |      43 |       0 |   0.0 |      13 |       0 |   0.0
        D:3 |      63 |       5 |   7.4 |       6 |       3 |  33.3
            +---------+---------+-------+---------+---------+-------
